%YAML 1.1
%TAG !u! tag:unity3d.com,2011:
--- !u!1 &7261860192662466165
GameObject:
  m_ObjectHideFlags: 0
  m_CorrespondingSourceObject: {fileID: 0}
  m_PrefabInstance: {fileID: 0}
  m_PrefabAsset: {fileID: 0}
  serializedVersion: 6
  m_Component:
  - component: {fileID: 7261860192662466164}
  m_Layer: 0
  m_Name: GameObject
  m_TagString: Untagged
  m_Icon: {fileID: 0}
  m_NavMeshLayer: 0
  m_StaticEditorFlags: 0
  m_IsActive: 1
--- !u!4 &7261860192662466164
Transform:
  m_ObjectHideFlags: 0
  m_CorrespondingSourceObject: {fileID: 0}
  m_PrefabInstance: {fileID: 0}
  m_PrefabAsset: {fileID: 0}
  m_GameObject: {fileID: 7261860192662466165}
  m_LocalRotation: {x: -0, y: -1, z: -0, w: 0}
  m_LocalPosition: {x: 0.14, y: -0.26999998, z: 0.30999947}
  m_LocalScale: {x: 1, y: 1, z: 1}
  m_Children:
  - {fileID: 7261860191469361885}
  m_Father: {fileID: 7261860193191825063}
  m_RootOrder: 0
  m_LocalEulerAnglesHint: {x: 0, y: 0, z: 0}
--- !u!1 &7261860193191824986
GameObject:
  m_ObjectHideFlags: 0
  m_CorrespondingSourceObject: {fileID: 0}
  m_PrefabInstance: {fileID: 0}
  m_PrefabAsset: {fileID: 0}
  serializedVersion: 6
  m_Component:
  - component: {fileID: 7261860193191825063}
  - component: {fileID: 7261860193191825060}
  - component: {fileID: 7261860193191825061}
  - component: {fileID: 7261860193191825057}
  - component: {fileID: 7261860193191825062}
  - component: {fileID: 7261860193191825056}
  m_Layer: 0
  m_Name: Player 1
  m_TagString: MainCamera
  m_Icon: {fileID: 0}
  m_NavMeshLayer: 0
  m_StaticEditorFlags: 0
  m_IsActive: 1
--- !u!4 &7261860193191825063
Transform:
  m_ObjectHideFlags: 0
  m_CorrespondingSourceObject: {fileID: 0}
  m_PrefabInstance: {fileID: 0}
  m_PrefabAsset: {fileID: 0}
  m_GameObject: {fileID: 7261860193191824986}
  m_LocalRotation: {x: 0, y: 1, z: 0, w: 0}
  m_LocalPosition: {x: 0.14, y: 1.66, z: -26.84}
  m_LocalScale: {x: 1, y: 1, z: 1}
  m_Children:
  - {fileID: 7261860192662466164}
  m_Father: {fileID: 0}
  m_RootOrder: 0
  m_LocalEulerAnglesHint: {x: 0, y: 180, z: 0}
--- !u!20 &7261860193191825060
Camera:
  m_ObjectHideFlags: 0
  m_CorrespondingSourceObject: {fileID: 0}
  m_PrefabInstance: {fileID: 0}
  m_PrefabAsset: {fileID: 0}
  m_GameObject: {fileID: 7261860193191824986}
  m_Enabled: 1
  serializedVersion: 2
  m_ClearFlags: 1
  m_BackGroundColor: {r: 0.19215687, g: 0.3019608, b: 0.4745098, a: 0}
  m_projectionMatrixMode: 1
  m_SensorSize: {x: 36, y: 24}
  m_LensShift: {x: 0, y: 0}
  m_GateFitMode: 2
  m_FocalLength: 50
  m_NormalizedViewPortRect:
    serializedVersion: 2
    x: 0
    y: 0
    width: 1
    height: 1
  near clip plane: 0.01
  far clip plane: 1000
  field of view: 60
  orthographic: 0
  orthographic size: 5
  m_Depth: -1
  m_CullingMask:
    serializedVersion: 2
    m_Bits: 4294967295
  m_RenderingPath: -1
  m_TargetTexture: {fileID: 0}
  m_TargetDisplay: 0
  m_TargetEye: 3
  m_HDR: 1
  m_AllowMSAA: 1
  m_AllowDynamicResolution: 0
  m_ForceIntoRT: 0
  m_OcclusionCulling: 1
  m_StereoConvergence: 10
  m_StereoSeparation: 0.022
--- !u!81 &7261860193191825061
AudioListener:
  m_ObjectHideFlags: 0
  m_CorrespondingSourceObject: {fileID: 0}
  m_PrefabInstance: {fileID: 0}
  m_PrefabAsset: {fileID: 0}
  m_GameObject: {fileID: 7261860193191824986}
  m_Enabled: 1
--- !u!143 &7261860193191825057
CharacterController:
  m_ObjectHideFlags: 0
  m_CorrespondingSourceObject: {fileID: 0}
  m_PrefabInstance: {fileID: 0}
  m_PrefabAsset: {fileID: 0}
  m_GameObject: {fileID: 7261860193191824986}
  m_Material: {fileID: 0}
  m_IsTrigger: 0
  m_Enabled: 1
  serializedVersion: 2
  m_Height: 3.3
  m_Radius: 0.5
  m_SlopeLimit: 45
  m_StepOffset: 0.3
  m_SkinWidth: 0.08
  m_MinMoveDistance: 0.001
  m_Center: {x: 0, y: 0, z: 0}
--- !u!114 &7261860193191825062
MonoBehaviour:
  m_ObjectHideFlags: 0
  m_CorrespondingSourceObject: {fileID: 0}
  m_PrefabInstance: {fileID: 0}
  m_PrefabAsset: {fileID: 0}
  m_GameObject: {fileID: 7261860193191824986}
  m_Enabled: 1
  m_EditorHideFlags: 0
  m_Script: {fileID: 11500000, guid: 743bdaf7f36b75145ba9d91965db75bf, type: 3}
  m_Name: 
  m_EditorClassIdentifier: 
  speed: 3
  rotateSpeed: 3
--- !u!114 &7261860193191825056
MonoBehaviour:
  m_ObjectHideFlags: 0
  m_CorrespondingSourceObject: {fileID: 0}
  m_PrefabInstance: {fileID: 0}
  m_PrefabAsset: {fileID: 0}
  m_GameObject: {fileID: 7261860193191824986}
  m_Enabled: 1
  m_EditorHideFlags: 0
  m_Script: {fileID: 11500000, guid: 22b1a456d48f0234aa8679094785de53, type: 3}
  m_Name: 
  m_EditorClassIdentifier: 
  isRepairing: 0
  currentGenerator: {fileID: 0}
  fixRate: 10
  animator: {fileID: 7261860191476528445}
--- !u!1001 &7261860191469224029
PrefabInstance:
  m_ObjectHideFlags: 0
  serializedVersion: 2
  m_Modification:
    m_TransformParent: {fileID: 7261860192662466164}
    m_Modifications:
    - target: {fileID: 100000, guid: 2a9332832fb137d4489d20d39142af79, type: 3}
      propertyPath: m_Name
      value: AM_PlayerHand
      objectReference: {fileID: 0}
    - target: {fileID: 400000, guid: 2a9332832fb137d4489d20d39142af79, type: 3}
      propertyPath: m_LocalPosition.x
      value: 0
      objectReference: {fileID: 0}
    - target: {fileID: 400000, guid: 2a9332832fb137d4489d20d39142af79, type: 3}
      propertyPath: m_LocalPosition.y
      value: -0.39
      objectReference: {fileID: 0}
    - target: {fileID: 400000, guid: 2a9332832fb137d4489d20d39142af79, type: 3}
      propertyPath: m_LocalPosition.z
      value: 0.3220005
      objectReference: {fileID: 0}
    - target: {fileID: 400000, guid: 2a9332832fb137d4489d20d39142af79, type: 3}
      propertyPath: m_LocalRotation.x
      value: 0.13916393
      objectReference: {fileID: 0}
    - target: {fileID: 400000, guid: 2a9332832fb137d4489d20d39142af79, type: 3}
      propertyPath: m_LocalRotation.y
      value: 0.9785961
      objectReference: {fileID: 0}
    - target: {fileID: 400000, guid: 2a9332832fb137d4489d20d39142af79, type: 3}
      propertyPath: m_LocalRotation.z
      value: 0.11885732
      objectReference: {fileID: 0}
    - target: {fileID: 400000, guid: 2a9332832fb137d4489d20d39142af79, type: 3}
      propertyPath: m_LocalRotation.w
      value: -0.09410687
      objectReference: {fileID: 0}
    - target: {fileID: 400000, guid: 2a9332832fb137d4489d20d39142af79, type: 3}
      propertyPath: m_RootOrder
      value: 0
      objectReference: {fileID: 0}
    - target: {fileID: 400000, guid: 2a9332832fb137d4489d20d39142af79, type: 3}
      propertyPath: m_LocalEulerAnglesHint.x
      value: -15.000001
      objectReference: {fileID: 0}
    - target: {fileID: 400000, guid: 2a9332832fb137d4489d20d39142af79, type: 3}
      propertyPath: m_LocalEulerAnglesHint.y
      value: 189
      objectReference: {fileID: 0}
    - target: {fileID: 400000, guid: 2a9332832fb137d4489d20d39142af79, type: 3}
      propertyPath: m_LocalEulerAnglesHint.z
      value: 15.000001
      objectReference: {fileID: 0}
    - target: {fileID: 9500000, guid: 2a9332832fb137d4489d20d39142af79, type: 3}
      propertyPath: m_ApplyRootMotion
      value: 0
      objectReference: {fileID: 0}
    - target: {fileID: 9500000, guid: 2a9332832fb137d4489d20d39142af79, type: 3}
      propertyPath: m_Controller
      value: 
      objectReference: {fileID: 9100000, guid: 5867846a97e8c8740b987e0a6ae831fc, type: 2}
    m_RemovedComponents: []
  m_SourcePrefab: {fileID: 100100000, guid: 2a9332832fb137d4489d20d39142af79, type: 3}
--- !u!4 &7261860191469361885 stripped
Transform:
  m_CorrespondingSourceObject: {fileID: 400000, guid: 2a9332832fb137d4489d20d39142af79,
    type: 3}
  m_PrefabInstance: {fileID: 7261860191469224029}
  m_PrefabAsset: {fileID: 0}
--- !u!95 &7261860191476528445 stripped
Animator:
  m_CorrespondingSourceObject: {fileID: 9500000, guid: 2a9332832fb137d4489d20d39142af79,
    type: 3}
  m_PrefabInstance: {fileID: 7261860191469224029}
  m_PrefabAsset: {fileID: 0}
